 Dungeon Crawl Stone Soup version 0.30-a0-743-gbfdf073431 (webtiles) character file.

Game seed: 7516408874001730373

80 oldriver the Shooter (level 4, 0/36 (40) HPs)
             Began as a Meteoran Hunter on Feb 7, 2023.
             Slain by Crazy Yiuf
             ... wielding a +4 quarterstaff of chaos
              (6 damage)
             ... on level 2 of the Dungeon.
             The game lasted 00:02:08 (528 turns).

oldriver the Shooter (Meteoran Hunter)               Turns: 528, Time: 00:02:09

HP:   0/36 (40)     AC:  4    Str: 12    XL:     4   Next: 98%
MP:   4/5           EV: 12    Int: 10    God:
Gold: 135           SH:  0    Dex: 20    Spells: 3/3 levels left

rFire   . . .      SeeInvis .    a - +0 shortbow
rCold   . . .      Faith    .    (shield currently unavailable)
rNeg    . . .      Spirit   .    c - +0 leather armour
rPois   .          Reflect  .    m - +0 helmet
rElec   .          Harm     .    (no cloak)
rCorr   .          Rampage  .    (no gloves)
Will    .....                    (no boots)
Stlth   +                        (no amulet)
HPRegen 0.26/turn                (no ring)
MPRegen 0.09/turn                (no ring)

@: glowing, heavily drained
A: sense surroundings 1, otherworldly, glowing, explore regen
a: no special abilities


You were on level 2 of the Dungeon.
You visited 1 branch of the dungeon, and saw 3 of its levels.

You collected 135 gold pieces.

Inventory:

Hand Weapons
 a - a +0 shortbow (weapon)
Armour
 c - a +0 leather armour (worn)
 m - a +0 helmet (worn)
 o - a +0 leather armour of cold resistance
Scrolls
 b - 2 scrolls of immolation
 d - a scroll of brand weapon {unknown}
 f - a scroll of poison {unknown}
 g - a scroll of identify {unknown}
 h - a scroll of fog {unknown}
 i - a scroll of enchant weapon {unknown}
 j - a scroll of fear {unknown}
 k - 3 scrolls of butterflies {unknown}
 l - a scroll of noise {unknown}
Potions
 e - a potion of curing {unknown}
 n - a potion of might {unknown}


   Skills:
 + Level 3.8 Fighting
 + Level 5.4 Ranged Weapons
 - Level 2.4 Dodging
 - Level 0.6 Stealth


You had 3 spell levels left.
You didn't know any spells.
Your spell library was empty.

Dungeon Overview and Level Annotations

Branches:
Dungeon (3/15) Zot: 1237

Altars:

Annotations:
D:2 Crazy Yiuf


Innate Abilities, Weirdness & Mutations

You passively map a small area around you.
You are easily found by Zot.
You glow in the dark.
You regain HP and MP as you explore.


Message History

A nearby fungus withers and dies.
Found a glowing hammer.
Found a runed translucent door.
Crazy Yiuf shouts!
Crazy Yiuf waves his quarterstaff at you.
As you open the door, it creaks loudly!
You shoot an arrow.
The arrow hits Crazy Yiuf but does no damage.
Crazy Yiuf hits you with a +4 quarterstaff of chaos.
You feel drained.
You shoot an arrow.
The arrow hits Crazy Yiuf but does no damage.
Crazy Yiuf whimpers, "Ghoul!"
Crazy Yiuf completely misses you.
You shoot an arrow.
The arrow hits Crazy Yiuf but does no damage.
Crazy Yiuf whimpers, "Ten cloud sallow!"
Crazy Yiuf closely misses you.
You shoot an arrow. The arrow barely misses Crazy Yiuf.
Crazy Yiuf hits you with a +4 quarterstaff of chaos.
You feel your power leaking away.
Crazy Yiuf hits you with a +4 quarterstaff of chaos!
You resist with some effort.
You shoot an arrow. The arrow hits Crazy Yiuf.
Crazy Yiuf is moderately wounded.
Crazy Yiuf closely misses you.
You shoot an arrow. The arrow hits Crazy Yiuf.
Crazy Yiuf is severely wounded.
Crazy Yiuf hits you with a +4 quarterstaff of chaos.
Crazy Yiuf burns you.
You shoot an arrow. The arrow hits Crazy Yiuf.
Crazy Yiuf is severely wounded.
Crazy Yiuf hits you with a +4 quarterstaff of chaos!
* * * LOW HITPOINT WARNING * * *
You feel drained.
* * * LOW HITPOINT WARNING * * *
You shoot an arrow.
The arrow hits Crazy Yiuf but does no damage.
Crazy Yiuf is severely wounded.
Crazy Yiuf hits you with a +4 quarterstaff of chaos.
You die...

*. ### #..
#######.#
#........
♣♣♣♣♣##..####.#
###* ♣♣♣.♣.P#.#.#
#.#
#...#♣..♣.PP....#
#.#
#...g@♣♣♣♣......#
#.. #)..#♣♣
♣♣P#..## ### ###
* ♣♣#### * , * *


You could see Crazy Yiuf.

Vanquished Creatures
  Natasha (twice) (D:1)
  Robin (D:2)
  3 endoplasms
  3 hobgoblins (D:2)
  3 kobolds (D:1)
  4 ball pythons (D:2)
  A bat (D:1)
  2 frilled lizards (D:1)
  5 goblins (D:2)
  A rat (D:1)
25 creatures vanquished.

Vanquished Creatures (others)
  A fungus (D:2)
1 creature vanquished.

Grand Total: 26 creatures vanquished

Notes
Turn   | Place    | Note
-------+----------+-------------------------------------------
     0 | D:1      | oldriver the Meteoran Hunter began the quest for the Orb.
     0 | D:1      | Reached XP level 1. HP: 17/17 MP: 2/2
    71 | D:1      | Reached XP level 2. HP: 21/25 MP: 3/3
   112 | D:2      | Noticed Natasha
   120 | D:1      | Killed Natasha
   121 | D:1      | Reached skill level 5 in Ranged Weapons
   121 | D:1      | Reached XP level 3. HP: 10/31 MP: 4/4
   148 | D:1      | Noticed Natasha
   156 | D:1      | Killed Natasha
   157 | D:1      | Reached XP level 4. HP: 31/38 MP: 5/5
   396 | D:2      | Noticed Robin
   418 | D:2      | Killed Robin
   516 | D:2      | Found a runed translucent door.
   517 | D:2      | Noticed Crazy Yiuf
   528 | D:2      | Slain by Crazy Yiuf

Illustrated notes

Levels and vault maps discovered:
D:1:      dpeg_arrival_simpleton_b, layout_rooms
D:2:      layout_basic, minmay_circle_x, uniq_jessica, uniq_crazy_yiuf_cottage,
          uniq_natasha, uniq_robin
D:3:      layout_basic, mainiacjoe_overflow_boulevard,
          chequers_serial_rivers_micro_a, chequers_serial_rivers_micro_b

Skill      XL: |  1  2 |
---------------+-------+-----
Fighting       | 3 |  3.8
Ranged Weapons | 5 |  5.4
Dodging        | |  2.4
Stealth        | |  0.6

Action                     |  1- 3 |  4- 6 || total
---------------------------+-------+-------++-------
   Fire: Shortbow          |    32 |    51 ||    83
 Armour: Leather armour    |     6 |    11 ||    17
  Dodge: Dodged            |    12 |    23 ||    35

Table legend: (Time is in decaauts)
 A = Elapsed time spent in this place.
 B = Non-inter-level travel time spent in this place.
 C = Inter-level travel time spent in this place.
 D = Time resting spent in this place.
 E = Time spent auto-exploring this place.
 F = Levels seen in this place.
 G = Mean time per level.
                   A        B        C        D        E       F      G
               +--------+--------+--------+--------+--------+-----+--------+
         Total |    561 |    535 |     26 |      0 |      0 |   3 |  187.0 |
       Dungeon |    561 |    535 |     26 |      0 |      0 |   3 |  187.0 |
               +--------+--------+--------+--------+--------+-----+--------+

Top non-repeatable levels by time:
     D:1: 305 daAuts
     D:2: 249 daAuts
     D:3: 6 daAuts
